 Dungeon Crawl Stone Soup version 0.26.1-16-g4e020e15dc (webtiles) character file.

Game seed: 11096548252980711009

14 Lorrdernie the Caller (level 2, -2/11 HPs)
             Began as a Felid Summoner on Sept 30, 2023.
             Slain by Natasha (5 damage)
             ... on level 2 of the Dungeon.
             The game lasted 00:02:03 (1548 turns).

Lorrdernie the Caller (Felid Summoner)              Turns: 1548, Time: 00:02:03

Health: -2/11      AC:  1    Str:  4    XL:     2   Next: 31%
Magic:  2/6        EV: 18    Int: 16    God:
Gold:   118        SH:  0    Dex: 16    Spells: 2/5 levels left
                                        Lives:  0   Deaths: 0

rFire    . . .     SeeInvis +   (weapon unavailable)
rCold    . . .     Faith    .   (shield unavailable)
rNeg     . . .     Spirit   .   (armour unavailable)
rPois    .         Reflect  .   (helmet unavailable)
rElec    .         Harm     .   (cloak unavailable)
rCorr    .         Rampage  .   (gloves unavailable)
Will     .....                  (boots unavailable)
Stlth    +++.......             (no amulet)
HPRegen  0.03/turn              (no ring)
MPRegen  0.10/turn              (no ring)

@: quick
A: very small, no armour, no weapons or thrown items, stealth, claws 1, fangs 3,
see invisible, speed 1, shaggy fur 1, sharp paws
a: no special abilities


You were on level 2 of the Dungeon.
You visited 1 branch of the dungeon, and saw 2 of its levels.

You collected 118 gold pieces.

Inventory:

Scrolls
 b - a scroll of remove curse {unknown}
 c - a scroll of enchant weapon {unknown}
Potions
 a - a potion of flight {unknown}
 d - a potion of ambrosia {unknown}


   Skills:
 - Level 2.6 Dodging
 - Level 2.6 Stealth
 + Level 2.2 Spellcasting
 * Level 4.4 Summonings


You had 2 spell levels left.
You knew the following spells:

 Your Spells              Type           Power        Failure   Level
a - Summon Small Mammal   Summ           64%          3%          1
b - Call Imp              Summ           16%          4%          2

Your spell library contained the following spells:

 Spells                   Type           Power        Failure   Level
 Call Canine Familiar     Summ           16%          10%         3
 Summon Guardian Golem    Hex/Summ       8%           24%         3
 Summon Ice Beast         Ice/Summ       8%           63%         4
 Summon Lightning Spire   Summ/Air       8%           63%         4


Dungeon Overview and Level Annotations

Branches:
Dungeon (2/15)

Altars:

Annotations:
D:2 Natasha, Robin


Innate Abilities, Weirdness & Mutations

You cannot wear armour.
You are incapable of wielding weapons or throwing items.
Your paws allow you to move quietly. (Stealth)
You have sharp claws.
You have razor-sharp teeth.
You have supernaturally acute eyesight. (SInv)
You cover ground quickly.
You are covered in fur. (AC +1)
Your sharp claws are effective at attacking unaware monsters.


Message History

Natasha closely misses your crimson imp.
Your crimson imp blinks!
Natasha misses your crimson imp.
Your crimson imp closely misses Natasha.
Your crimson imp hits Natasha.
Natasha claws your crimson imp!
Your crimson imp closely misses Natasha.
Your crimson imp barely misses Natasha.
Natasha misses your crimson imp.
Your crimson imp blinks!
Natasha completely misses your crimson imp.
Your crimson imp hits Natasha.
Natasha barely misses your crimson imp.
Your crimson imp barely misses Natasha.
Your crimson imp blinks!
Natasha claws you!
Ouch! That really hurt!
* * * LOW HITPOINT WARNING * * *
Your crimson imp blinks!
Casting: Call Imp (safe; 4% risk of failure)
Confirm with . or Enter, or press ? or * to list all spells.
Natasha claws you.
You die...

#..# #.# #.###########
#.# #.# #........ ..g
######.###.###########.
.................# #.
################.# gg
#r# #g #.# .# #@#
#######h# 5.5.ยง...#
#########


You could see Natasha and a friendly quokka (summoned).

Vanquished Creatures
  2 rats (D:1)
2 creatures vanquished.

Vanquished Creatures (collateral kills)
  5 goblins
  3 hobgoblins
  4 jackals (D:1)
  2 kobolds (D:1)
  2 bats (D:1)
  3 rats (D:1)
19 creatures vanquished.

Grand Total: 21 creatures vanquished

Notes
Turn   | Place    | Note
-------+----------+-------------------------------------------
     0 | D:1      | Lorrdernie the Felid Summoner began the quest for the Orb.
     0 | D:1      | Reached XP level 1. HP: 7/7 MP: 4/4
   606 | D:1      | Reached XP level 2. HP: 9/11 MP: 3/6
  1434 | D:2      | Noticed Robin
  1528 | D:2      | Noticed Natasha
  1533 | D:2      | Learned a level 2 spell: Call Imp
  1548 | D:2      | Slain by Natasha

Illustrated notes

Levels and vault maps discovered:
D:1:      saegor_arrival_simple_b, layout_basic
D:2:      layout_loops_ring, lemuel_coloured_pillars_altar, uniq_jessica,
          uniq_robin, uniq_natasha

Action                   || total
-------------------------++-------
Melee: Unarmed           ||    10
       Bite              ||     1
 Cast: Summon Small Mamm ||    44
       Call Imp          ||     2
Dodge: Dodged            ||    12
